 Dungeon Crawl Stone Soup version 0.28-a0-796-gd4f0d3f9b2 (webtiles) character file.

Game seed: 16428652522758463874

27 BinkBink the Digger (level 2, 0/15 HPs)
             Began as a Deep Elf Earth Elementalist on Nov 6, 2021.
             Slain by a ball python (2 damage)
             ... on level 1 of the Dungeon.
             The game lasted 00:02:32 (830 turns).

BinkBink the Digger (Deep Elf Earth Elementalist)    Turns: 830, Time: 00:02:32

Health: 0/15       AC:  2    Str:  5    XL:     2   Next: 93%
Magic:  8/8        EV: 13    Int: 19    God:
Gold:   56         SH:  0    Dex: 15    Spells: 7/8 levels left

rFire   + . .      SeeInvis .   d - staff of fire
rCold   . . .      Faith    .   (no shield)
rNeg    . . .      Spirit   .   b - +0 robe
rPois   .          Reflect  .   (no helmet)
rElec   .          Harm     .   (no cloak)
rCorr   .          Rampage  .   (no gloves)
Will    .....                   (no boots)
Stlth   ++........              (no amulet)
HPRegen 0.05/turn               (no ring)
MPRegen 0.11/turn               (no ring)

@: mighty, flying
A: no striking features
a: no special abilities


You were on level 1 of the Dungeon.
You visited 1 branch of the dungeon, and saw 2 of its levels.

You collected 56 gold pieces.

Inventory:

Armour
 b - a +0 robe (worn)
Magical Staves
 d - a staff of fire (weapon)
Scrolls
 a - a scroll of identify {unknown}
 e - a scroll of enchant armour {unknown}
 g - a scroll of acquirement {unknown}
 i - a scroll of teleportation {unknown}


   Skills:
 - Level 2.7 Dodging
 - Level 2.8 Stealth
 + Level 3.7 Spellcasting
 + Level 1.1 Transmutations
 * Level 0.2 Fire Magic
 + Level 3.8 Earth Magic


You had 7 spell levels left.
You knew the following spells:

 Your Spells              Type           Power      Damage    Failure   Level
a - Sandblast             Erth           36%        2d10      3%          1

Your spell library contained the following spells:

 Spells                   Type           Power      Damage    Failure   Level
 Passwall                 Tmut/Erth      10%        N/A       8%          2
 Stone Arrow              Conj/Erth      20%        3d8       19%         3
 Petrify                  Tmut/Erth      12%        N/A       45%         4
 Animate Armour           Summ/Erth      20%        N/A       54%         4
 Lehudib's Crystal Spear  Conj/Erth      5%         10d3      100%        8


Dungeon Overview and Level Annotations

Branches:
Dungeon (2/15)

Altars:


Message History

The ball python misses you.
The ball python completely misses you. x2
The ball python grabs you. The ball python constricts you.
You hit the ball python.
The ball python is moderately wounded.
The ball python closely misses you. The ball python constricts you.
You closely miss the ball python.
The ball python is moderately wounded.
The ball python bites you. The ball python constricts you.
The ball python barely misses you. The ball python constricts you.
You closely miss the ball python. The ball python misses you.
The ball python constricts you.
You hit the ball python.
The ball python is moderately wounded.
The ball python bites you. The ball python constricts you.
The ball python closely misses you. The ball python constricts you.
You hit the ball python but do no damage.
The ball python bites you but does no damage.
The ball python constricts you.
You closely miss the ball python. The ball python completely misses you.
The ball python constricts you.
You closely miss the ball python. The ball python bites you.
The ball python constricts you. The ball python bites you.
The ball python constricts you.
You closely miss the ball python. The ball python bites you.
* * * LOW HITPOINT WARNING * * *
The ball python constricts you.
You escape the ball python's grasp.
The ball python barely misses you. The ball python closely misses you.
The ball python closely misses you. The ball python grabs you.
The ball python constricts you.
* * * LOW HITPOINT WARNING * * *
You escape the ball python's grasp.
It was a potion of might.
You feel very mighty all of a sudden. The ball python barely misses you.
The ball python misses you.
It was a potion of flight.
You feel very buoyant.
You fly up into the air.
The ball python barely misses you. x2
The ball python bites you.
You die...

#......#...# #.# #.####.#.### #.#
#.# #.#.# ####.# #.# #.#.# #....#
### #.# #.#.###.########
#.#####.# #.#.....#......#
######.#.....# #.#..#..#.####.#
#......#.########.#..####.####.#
#.####.........S@...........##.#
#.###..####################....##
#.#....#.†..###### #..)##≈####...
#...##.####..#.#.###.###.≈≈..###.
.>.....#####..#.....≈.....≈≈..###
#...##...#....##.≈≈≈≈≈.≈.≈≈≈≈≈..#
#...##...##.≈...≈≈≈≈≈.≈≈≈.≈≈≈≈≈.#
#...##..).#..≈≈≈.≈≈≈.≈≈≈≈≈.≈≈≈.##
#.####.##.##.≈≈≈≈≈≈.≈≈≈≈≈≈≈...###


You could see a ball python.

Vanquished Creatures
  A worm (D:2)
  A dart slug (D:1)
  3 endoplasms (D:1)
  4 goblins (D:1)
  2 hobgoblins (D:1)
  A quokka (D:2)
  3 ball pythons
  2 bats (D:1)
  2 kobolds (D:1)
  3 rats
22 creatures vanquished.

Notes
Turn   | Place    | Note
-------+----------+-------------------------------------------
     0 | D:1      | BinkBink the Deep Elf Earth Elementalist began the quest
                  | for the Orb.
     0 | D:1      | Reached XP level 1. HP: 10/10 MP: 6/6
   161 | D:1      | Reached XP level 2. HP: 15/15 MP: 6/8
   514 | D:1      | Found a faded altar of an unknown god.
   830 | D:1      | Slain by a ball python

Illustrated notes

Levels and vault maps discovered:
D:1:      dpeg_arrival_subterranean_lakeside_camping, layout_basic,
          dreamdust_ecumenical_altar_hidden_monk_grotto
D:2:      layout_basic, grunt_ministairs_7, st_stairs_4, uniq_jessica

Action                   || total
-------------------------++-------
Melee: Staff             ||     9
 Cast: Sandblast         ||    32
  Use: Potion            ||     2
Armor: Robe              ||     4
Dodge: Dodged            ||    16

Table legend: (Time is in decaauts)
 A = Elapsed time spent in this place.
 B = Non-inter-level travel time spent in this place.
 C = Inter-level travel time spent in this place.
 D = Time resting spent in this place.
 E = Time spent auto-exploring this place.
 F = Levels seen in this place.
 G = Mean time per level.
                   A        B        C        D        E       F      G
               +--------+--------+--------+--------+--------+-----+--------+
         Total |    837 |    821 |     16 |      0 |    683 |   2 |  418.5 |
       Dungeon |    837 |    821 |     16 |      0 |    683 |   2 |  418.5 |
               +--------+--------+--------+--------+--------+-----+--------+

Top non-repeatable levels by time:
     D:1: 824 daAuts
     D:2: 13 daAuts
